 Dungeon Crawl Stone Soup version 0.25.0-10-g039870ee82 (webtiles) character file.

Game seed: 3409036268042952819

613 fritzmikael the Magician (level 7, -2/52 HPs)
             Began as a Mummy Fire Elementalist on June 22, 2020.
             Slain by a centaur (10 damage)
             ... on level 5 of the Dungeon.
             The game lasted 00:14:36 (5762 turns).

fritzmikael the Magician (Mummy Fire Elementalist)  Turns: 5762, Time: 00:14:37

Health: -2/52      AC:  5    Str: 11    XL:     7   Next: 20%
Magic:  1/14       EV: 12    Int: 16    God:
Gold:   387        SH:  4    Dex: 13    Spells: 7/15 levels left

rFire    x . .     SeeInvis .   p - +1 spear (freeze)
rCold    + . .     Gourm    .   h - +0 buckler
rNeg     + + +     Faith    +   a - +0 robe
rPois    ∞         Spirit   .   e - +1 helmet
rElec    .         Reflect  .   n - +0 cloak
rCorr    .         Harm     .   (no gloves)
MR       .....                  (no boots)
Stlth    ++........             g - amulet of faith
HPRegen  0.17/turn              (no ring)
MPRegen  0.14/turn              (no ring)

@: very slightly contaminated
A: no food or potions, fire vulnerability, cold resistance 1, negative energy
resistance 3, torment resistance, unbreathing
a: no special abilities


You were on level 5 of the Dungeon.
You were not hungry.

You visited 2 branches of the dungeon, and saw 6 of its levels.

You collected 387 gold pieces.

Inventory:

Hand Weapons
 m - a +0 hunting sling
 p - a +1 spear of freezing (weapon)
Missiles
 d - 157 stones (quivered)
Armour
 a - a +0 robe (worn)
 e - a +1 helmet (worn)
 f - a +0 leather armour
 h - a +0 buckler (worn)
 n - a +0 cloak (worn)
Jewellery
 g - an amulet of faith (around neck)
Wands
 j - a wand of polymorph (11)
Scrolls
 b - 4 scrolls of identify
 c - a scroll of magic mapping {unknown}
 i - 3 scrolls of remove curse
 k - a scroll of teleportation
 o - a scroll of fog {unknown}


   Skills:
 + Level 3.2 Fighting
 - Level 1.5 Dodging
 - Level 1.5 Stealth
 + Level 2.6 Shields
 + Level 4.9 Spellcasting
 + Level 2.7 Conjurations
 + Level 3.7 Fire Magic


You had 7 spell levels left.
You knew the following spells:

 Your Spells              Type           Power        Failure   Level  Hunger
a - Foxfire               Conj/Fire      ##..         4%          1    N/A
b - Conjure Flame         Conj/Fire      ##......     14%         3    N/A
c - Sticky Flame          Conj/Fire      ##......     43%         4    N/A

Your spell library contained the following spells:

 Spells                   Type           Power        Failure   Level  Hunger
 Inner Flame              Hex/Fire       #.......     26%         3    N/A
 Fireball                 Conj/Fire      ##........   78%         5    N/A

Dungeon Overview and Level Annotations

Branches:
Dungeon (5/15)             Temple (1/1) D:4

Altars:
Ashenzari
Cheibriados
Dithmenos
Elyvilon
Fedhas
Hepliaklqana
Kikubaaqudgha
Makhleb
Qazlal
Ru
Sif Muna
Trog
Uskayaw
Wu Jian
Yredelemnul
Zin
The Shining One


Innate Abilities, Weirdness & Mutations

You do not eat or drink.
Your flesh is vulnerable to fire.
You are immune to poison.
Your flesh is cold resistant. (rC+)
You are immune to negative energy. (rN+++)
You are immune to unholy pain and torment.
You can survive without breathing.


Message History

The foxfire hits the centaur but does no damage.
The centaur is almost dead.
The centaur hits you.
* * * LOW HITPOINT WARNING * * *
You block the centaur's attack.
Casting: Foxfire (safe; 4% risk of failure)
Confirm with . or Enter, or press ? or * to list all spells.
You conjure some foxfire!
The centaur misses you. The centaur hits you.
* * * LOW HITPOINT WARNING * * *
Unknown command.
Casting: Foxfire (safe; 4% risk of failure)
Confirm with . or Enter, or press ? or * to list all spells.
You conjure some foxfire!
The foxfire hits the centaur.
The centaur is almost dead.
The centaur barely misses you.
Unknown command.
Casting: Foxfire (safe; 4% risk of failure)
Confirm with . or Enter, or press ? or * to list all spells.
You conjure some foxfire!
The centaur hits you!
You die...

..# #...........# #.##...
..#########.....######### #.#....
.....######.............###.#.###
.................................
.....###########....(...###.....#
.....# #........# #.....# .#####
#........# #.....# .# #vv......#
#.....# ## #@v......# #......
......cvv......# #......
...............###......
........#######.........
........# #........# .......>#
#......... ........# #.........
........# #......... #####...##


You could see a centaur.

Vanquished Creatures
  A wolf (D:4)
  2 howler monkeys (D:4)
  A crimson imp (D:5)
  A bullfrog zombie (D:5)
  2 jellies (D:5)
  2 orc wizards (D:4)
  A worker ant (D:5)
  2 hound skeletons
  3 gnolls (D:4)
  A howler monkey skeleton (D:4)
  6 adders
  2 river rats (D:3)
  A shadow imp (D:5)
  An ooze (D:5)
  An adder skeleton (D:4)
  4 worms
  A dart slug (D:4)
  A leopard gecko (D:3)
  9 orcs
  2 ball pythons
  3 giant cockroaches (D:3)
  5 goblins
  5 hobgoblins
  10 jackals
  4 kobolds
  3 quokkas
  A ball python skeleton (D:4)
  12 bats
  3 frilled lizards
  8 rats
98 creatures vanquished.

Vanquished Creatures (collateral kills)
  A frilled lizard (D:4)
  A kobold (D:4)
2 creatures vanquished.

Vanquished Creatures (others)
  383 foxfires
383 creatures vanquished.

Grand Total: 483 creatures vanquished

Notes
Turn   | Place    | Note
-------+----------+-------------------------------------------
     0 | D:1      | fritzmikael the Mummy Fire Elementalist began the quest for
                  | the Orb.
     0 | D:1      | Reached XP level 1. HP: 13/13 MP: 4/4
   375 | D:1      | Reached skill level 1 in Conjurations
   471 | D:1      | Reached XP level 2. HP: 20/20 MP: 5/5
   754 | D:2      | Reached skill level 3 in Spellcasting
   840 | D:2      | Found a glowing golden altar of the Shining One.
  1001 | D:2      | Reached skill level 1 in Fighting
  1216 | D:2      | Reached XP level 3. HP: 26/26 MP: 0/7
  1744 | D:2      | Learned a level 3 spell: Conjure Flame
  2322 | D:3      | Reached skill level 1 in Shields
  2662 | D:3      | Reached XP level 4. HP: 32/32 MP: 2/9
  3516 | D:5      | Entered Level 5 of the Dungeon
  3776 | D:5      | Reached XP level 5. HP: 38/38 MP: 10/10
  3825 | D:4      | Reached skill level 4 in Spellcasting
  4007 | D:4      | Reached XP level 6. HP: 46/46 MP: 0/12
  4280 | D:4      | Learned a level 4 spell: Sticky Flame
  4631 | D:4      | Found a sacrificial altar of Ru.
  4972 | D:4      | Found a staircase to the Ecumenical Temple.
  4981 | Temple   | Entered the Ecumenical Temple
  5565 | D:5      | Reached XP level 7. HP: 52/52 MP: 8/14
  5762 | D:5      | Slain by a centaur

Illustrated notes

Levels and vault maps discovered:
D:1:      dpeg_arrival_solitude, layout_loops_ring
D:2:      layout_basic, first_ration, tso_metal_star
D:3:      layout_loops_ring, portal_sewer_entry_e, serial_park_tiny_pond
D:4:      layout_gridville, nicolae_ru_great_annihilating_truth,
          minmay_temple_entry_drinking_statues, serial_co_window_serial,
          co_window_of_opportunity_a, co_window_of_opportunity_a,
          co_window_paths_a, co_window_of_opportunity_a,
          co_window_of_opportunity_a, co_window_of_opportunity_c,
          co_window_of_opportunity_b, co_window_cross_3, glass_columns_a,
          glass_columns_a, glass_columns_c, glass_columns_a, glass_columns_a,
          minmay_misc_feat_rows
D:5:      layout_basic, grunt_temple_overflow_opulence
Temple:   lightli_temple_of_artemis

Skill      XL: |  1  2  3  4  5  6 |
---------------+-------------------+-----
Conjurations   | 1 2 |  2.7
Spellcasting   | 3 4 |  4.9
Fighting       | 1 2 3 |  3.2
Shields        | 1 2 |  2.6
Fire Magic     | 3 |  3.7
Dodging        | |  1.5
Stealth        | |  1.5

Action                   |  1- 3 |  4- 6 |  7- 9 || total
-------------------------+-------+-------+-------++-------
Melee: Spear             |    16 |    20 |     1 ||    37
       Hunting sling     |       |     1 |       ||     1
 Fire: Hunting sling     |     2 |    41 |       ||    43
 Cast: Foxfire           |    91 |   153 |    26 ||   270
Evoke: Wand              |       |     2 |       ||     2
  Use: Scroll            |     7 |     2 |       ||     9
 Stab: Sleeping          |     1 |       |       ||     1
Armor: Robe              |    11 |    17 |     1 ||    29
Dodge: Dodged            |    24 |    36 |     5 ||    65
Block: Buckler           |     1 |    13 |     2 ||    16
